 Dungeon Crawl Stone Soup version 0.27-a0-1202-ge72e49191c (webtiles) character file.

Game seed: 15479607660935886346

317 freelancePsychic the Magician (level 6, -1/40 HPs)
             Began as a Djinni Earth Elementalist on June 3, 2021.
             Was an Initiate of Ru.
             Hit by a boomerang thrown by an orc (3 damage)
             ... on level 4 of the Dungeon.
             The game lasted 00:09:20 (5168 turns).

freelancePsychic the Magician (DjEE)                Turns: 5168, Time: 00:09:21

Health: -1/40      AC:  4    Str:  7    XL:     6   Next: 73%
Gold:   88         EV: 12    Int: 19    God:    Ru [......] SH:  5 Dex: 13

rFire    + + .     SeeInvis .   a - +2 dagger (freeze)
rCold    x . .     Faith    .   (no shield)
rNeg     . . .     Spirit   .   c - +0 robe
rPois    ∞         Reflect  +   (no helmet)
rElec    .         Harm     .   (no cloak)
rCorr    .         Rampage  .   s - +1 pair of gloves
Will     .....                  (boots unavailable)
Stlth    ++........             n - amulet of reflection
HPRegen  0.13/turn              (no ring)
MPRegen  0.00/turn              (no ring)

@: flying
A: sickness immunity, fire resistance 2, cold vulnerability 1, float, innate
caster, hp casting, extra vitality 1
a: Renounce Religion


You were on level 4 of the Dungeon.
You worshipped Ru.
Ru was noncommittal.
You visited 2 branches of the dungeon, and saw 5 of its levels.

You collected 88 gold pieces.

Inventory:

Hand Weapons
 a - a +2 dagger of freezing (weapon)
 b - a +1 falchion of draining
Missiles
 p - 50 stones
Armour
 c - a +0 robe (worn)
 s - a +1 pair of gloves (worn)
Jewellery
 n - an amulet of reflection (around neck)
Wands
 m - a wand of flame (13)
Scrolls
 e - a scroll of immolation
 g - a scroll of teleportation {@r4}
 i - a scroll of magic mapping
 k - a scroll of enchant armour {unknown}
 l - a scroll of brand weapon
 o - a scroll of enchant weapon
 q - a scroll of vulnerability {unknown}
 r - a scroll of silence
Potions
 d - a potion of degeneration
 f - a potion of attraction {unknown}
 j - a potion of curing {unknown}


   Skills:
 + Level 2.5 Short Blades
 - Level 2.1 Dodging
 - Level 1.5 Stealth
 + Level 4.8 Spellcasting


You couldn't memorise any spells.
You knew the following spells:

 Your Spells              Type           Power      Damage    Failure   Level
a - Sandblast             Erth           46%        2d11      1%          1
b - Ensorcelled Hibernat  Hex/Ice        46%        N/A       2%          2
c - Stone Arrow           Conj/Erth      46%        3d9       4%          3
d - Petrify               Tmut/Erth      23%        N/A       17%         4
e - Lee's Rapid Deconstr  Erth           11%        3d9*      43%         5
f - Animate Skeleton      Necr           46%        N/A       1%          1
g - Passwall              Tmut/Erth      19%        N/A       2%          2
Your spell library was empty.

Dungeon Overview and Level Annotations

Branches:
Dungeon (4/15)             Temple (1/1) D:4

Altars:
Ashenzari
Cheibriados
Dithmenos
Elyvilon
Gozag
Kikubaaqudgha
Okawaru
Ru
Sif Muna
Uskayaw
Vehumet
Wu Jian
Yredelemnul
The Shining One

Shops:
D:1 (


Innate Abilities, Weirdness & Mutations

You are immune to sickness and miasma.
You are immune to poison.
Your flesh is very heat resistant. (rF++)
You are vulnerable to cold. (rC-)
You float through the air rather than walking.
You learn spells naturally, not from books.
Your magical power is your life essence.
You have superior vitality. (+4 HP)


Message History

The stone arrow hits the iguana!!
You kill the iguana!
* * * LOW HITPOINT WARNING * * *
Casting: Stone Arrow (dangerous; 4% risk of failure)
Confirm with . or Enter, or press ? or * to list all spells.
Aiming: Stone Arrow (dangerous; 4% risk of failure)
Press: ? - help, Shift-Dir - straight line, f - orc
Aim: an orc, wielding a +0 flail (71% to hit)
The stone arrow hits the orc!
You kill the orc!
* * * LOW HITPOINT WARNING * * *
An orc comes into view. It is wielding a +0 whip.
The hound skeleton bites you.
* * * LOW HITPOINT WARNING * * *
The hound skeleton barely misses you.
You see here a +0 buckler.
Casting: Stone Arrow (dangerous; 4% risk of failure)
Confirm with . or Enter, or press ? or * to list all spells.
Aiming: Stone Arrow (dangerous; 4% risk of failure)
Press: ? - help, Shift-Dir - straight line, f - hound skeleton
Aim: a hound skeleton (86% to hit)
The stone arrow hits the hound skeleton!
The hound skeleton is severely damaged.
* * * LOW HITPOINT WARNING * * *
You block the hound skeleton's attack. The hound skeleton bites you.
* * * LOW HITPOINT WARNING * * *
You hit the hound skeleton.
The hound skeleton is severely damaged.
The hound skeleton bites you but does no damage.
Casting: Stone Arrow (dangerous; 4% risk of failure)
Confirm with . or Enter, or press ? or * to list all spells.
Aiming: Sandblast (safe; 1% risk of failure)
Press: ? - help, Shift-Dir - straight line, f/p - hound skeleton
Aim: a hound skeleton (severely damaged, 91% to hit)
The blast of sand hits the hound skeleton!
You destroy the hound skeleton!
* * * LOW HITPOINT WARNING * * *
The orc throws a boomerang.
The boomerang hits you.
You die...

.##$...#.. #.#.##.#
...#.....#######.#.##.# #
...#$#..... .....##.# ###.
###.#...# #...##)#
.....###...##..# #..##.# #..
#.)......#..### #..##.####.#
#.o.##..>..##...# #÷.....>.#.#
##...#.....o..#.####).#####.#.#
#.#.##...###.[@.<.[..# #.#.#
... #.###...######..# #.#.# #.#
#.#.............# #.#)## #.
....##.#######..#####..... #
#.#..##.#######........#.##
#....##.#.......#####..#.##
###.##..................##
....###########..#.## . #..#.##


You could see an orc.

Vanquished Creatures
  A necrophage (D:3)
  A hound (D:4)
  An iguana (D:4)
  An orc wizard (D:3)
  A hound skeleton (D:4)
  2 adders (D:4)
  3 gnolls (D:3)
  An ufetubus (D:3)
  An adder skeleton (D:4)
  2 worms (D:2)
  2 dart slugs
  4 orcs
  7 endoplasms
  5 giant cockroaches
  4 hobgoblins
  5 jackals (D:3)
  8 kobolds
  2 quokkas
  10 ball pythons
  6 bats
  4 frilled lizards
  10 goblins
  6 rats
87 creatures vanquished.

Notes
Turn   | Place    | Note
-------+----------+-------------------------------------------
     0 | D:1      | freelancePsychic the Djinni Earth Elementalist began the
                  | quest for the Orb.
     0 | D:1      | Reached XP level 1. HP: 15/15 MP: 0/0
    45 | D:1      | Reached XP level 2. HP: 3/21 MP: 0/0
   370 | D:1      | Reached skill level 3 in Spellcasting
   554 | D:1      | Reached XP level 3. HP: 23/25 MP: 0/0
   554 | D:1      | Learned a level 1 spell: Animate Skeleton
   798 | D:1      | Found Ucoronu's Weapon Emporium.
  1577 | D:2      | Reached XP level 4. HP: 27/31 MP: 0/0
  1853 | D:2      | Found a faded altar of an unknown god.
  2714 | D:3      | Reached skill level 4 in Spellcasting
  3132 | D:3      | Reached XP level 5. HP: 34/35 MP: 0/0
  3132 | D:3      | Learned a level 2 spell: Ensorcelled Hibernation
  4186 | D:3      | Noticed a necrophage
  4202 | D:3      | Killed a necrophage
  4203 | D:3      | Reached skill level 1 in Short Blades
  4203 | D:3      | Reached XP level 6. HP: 37/40 MP: 0/0
  4730 | D:4      | Found a staircase to the Ecumenical Temple.
  4749 | Temple   | Entered the Ecumenical Temple
  4833 | Temple   | Became a worshipper of Ru the Awakened
  5166 | D:4      | HP: 2/40 [hound skeleton (1)]
  5168 | D:4      | Hit by a boomerang thrown by an orc

Illustrated notes

Levels and vault maps discovered:
D:1:      erik_arrival_orb_chamber, layout_basic, serial_shops, shop,
          st_stairs_10, minmay_tetromino_i4
D:2:      layout_basic, hellmonk_ecumenical_altar_crossroads
D:3:      layout_loops_ring
D:4:      layout_loops_ring, nicolae_qazlal_style_of_elements,
          minmay_temple_entry_slanted, uniq_edmund
Temple:   eino_temple_water

Skill      XL: |  1  2  3  4  5  6 |
---------------+-------------------+-----
Spellcasting   | 3 4 |  4.8
Short Blades   | 1 2 |  2.5
Dodging        | |  2.1
Stealth        | |  1.5

Action                   |  1- 3 |  4- 6 || total
-------------------------+-------+-------++-------
Melee: Dagger            |     9 |    62 ||    71
 Cast: Sandblast         |    45 |    35 ||    80
       Ensorcelled Hiber |       |    22 ||    22
       Petrify           |       |     1 ||     1
       Stone Arrow       |       |    13 ||    13
  Use: Scroll            |       |     8 ||     8
 Stab: Sleeping          |       |    13 ||    13
       Petrified         |       |    10 ||    10
Armor: Robe              |     6 |    15 ||    21
Dodge: Dodged            |    17 |    53 ||    70
Block: Other             |       |     3 ||     3

Table legend: (Time is in decaauts)
 A = Elapsed time spent in this place.
 B = Non-inter-level travel time spent in this place.
 C = Inter-level travel time spent in this place.
 D = Time resting spent in this place.
 E = Time spent auto-exploring this place.
 F = Levels seen in this place.
 G = Mean time per level.
                   A        B        C        D        E       F      G
               +--------+--------+--------+--------+--------+-----+--------+
         Total |   5167 |   4989 |    178 |    768 |   3446 |   5 | 1033.4 |
       Dungeon |   4774 |   4616 |    158 |    768 |   3123 |   4 | 1193.5 |
        Temple |    392 |    372 |     20 |      0 |    323 |   1 |  392.0 |
               +--------+--------+--------+--------+--------+-----+--------+

Top non-repeatable levels by time:
     D:2: 1753 daAuts
     D:1: 1282 daAuts
     D:3: 1235 daAuts
     D:4: 503 daAuts
  Temple: 392 daAuts
